Canucks vs Ducks

Created - April 21, 2016 at 18:10

Goals
1 2 3 T
Canucks 1 1 1 3
Ducks 1 0 0 1
Shots
1 2 3 T
Canucks 9 4 10 23
Ducks 8 7 6 21

1st period

1. Canucks , Logan Couture 3 (Andrei Markov, Claude Giroux) at 8:11 (PP)
2. Ducks , Boone Jenner 3 (Jordan Staal, Matt Beleskey) at 13:05

Penalties :
Roman Polak (ANA) for Hooking (Minor) at 6:44

2nd period

3. Canucks , Erik Karlsson 2 (Ryan Johansen, Phil Kessel) at 17:28

Penalties :
Brent Burns (VAN) for Roughing (Minor) at 1:46, Roman Polak (ANA) for Delaying the game (Minor) at 6:34

3rd period

4. Canucks , Claude Giroux 4 (Andrei Markov, Ryan Strome) at 11:11

Penalties :
Evander Kane (ANA) for Roughing (Minor) at 0:57, Aaron Ekblad (ANA) for Goalie Interference (Minor) at 11:34

Goalie Stats

Henrik Lundqvist (VAN), 20 saves from 21 shots - (0.952), W, 5-2-1, 60:00 minutes
Kari Lehtonen (ANA), 20 saves from 23 shots - (0.870), L, 5-2-0, 60:00 minutes

Players Stats for Canucks

Player Name              G  A  P  +/- PIM S  H  SB GA TA FO     MP     PP MP  PK MP  
------------------------------------------------------------------------------------
Adam Henrique            0  0  0   0  0   2  0  0  0  0  0/2    18:11   3:32   0:30 
Alex Pietrangelo         0  0  0   0  0   0  0  1  0  0  0/0    22:22   3:57   0:40 
Andrei Markov            0  2  2   0  0   1  0  2  0  0  0/0    22:22   3:57   0:40 
Brent Burns              0  0  0   0  2   1  2  2  0  0  0/0    19:34   3:27   0:00 
Chris Kreider            0  0  0   0  0   1  4  0  0  0  0/0    17:17   0:00   0:08 
Claude Giroux            1  1  2   0  0   4  2  0  0  0  12/21  22:41   3:52   0:22 
Erik Karlsson            1  0  1   1  0   4  4  2  0  0  0/0    21:36   3:27   0:08 
Evgeny Kuznetsov         0  0  0   0  0   0  0  0  0  0  0/3     3:32   3:32   0:00 
Jimmy Hayes              0  0  0   0  0   3  1  0  0  0  0/1    16:43   0:00   0:00 
Jonas Brodin             0  0  0   1  0   0  0  0  0  0  0/0    18:03   0:00   1:19 
Logan Couture            1  0  1   1  0   2  0  0  0  0  2/2    19:19   3:52   0:00 
Marcus Kruger            0  0  0   0  0   1  0  0  0  0  12/19  18:12   0:00   1:29 
Matt Cooke               0  0  0   0  0   0  0  0  0  0  0/0     1:29   0:00   1:29 
Phil Kessel              0  1  1   1  0   1  1  0  0  0  1/2    18:59   3:32   0:00 
Reilly Smith             0  0  0   0  0   0  1  0  0  0  0/0     3:05   0:00   0:00 
Ryan Johansen            0  1  1   1  0   2  2  0  0  0  9/16   23:11   3:52   0:00 
Ryan Strome              0  1  1   0  0   1  0  0  0  0  0/0    15:22   0:00   0:00 
Simon Despres            0  0  0   0  0   0  0  1  0  0  0/0    16:02   0:00   1:11 

Players Stats for Ducks

Player Name              G  A  P  +/- PIM S  H  SB GA TA FO     MP     PP MP  PK MP  
------------------------------------------------------------------------------------
Aaron Ekblad             0  0  0   0  2   1  6  3  0  0  0/0    21:20   1:21   2:55 
Alec Martinez            0  0  0   0  0   1  0  1  0  0  0/0    18:58   1:21   0:46 
Alex Tanguay             0  0  0   0  0   0  0  0  0  0  0/0     2:14   0:00   0:00 
Boone Jenner             1  0  1  -1  0   6  1  0  0  0  0/0    21:04   0:38   0:33 
Brandon Dubinsky         0  0  0   0  0   4  1  0  0  0  8/18   17:25   1:21   1:03 
Evander Kane             0  0  0   0  2   2  2  0  0  0  1/1    15:38   0:38   0:00 
Jarome Iginla            0  0  0   0  0   2  0  0  0  0  1/3    20:08   1:21   0:56 
Jay Bouwmeester          0  0  0   0  0   0  0  1  0  0  0/0    20:35   0:00   3:59 
John Klingberg           0  0  0  -1  0   1  0  3  0  0  0/0    20:10   0:38   2:22 
Jordan Staal             0  1  1   1  0   0  1  0  0  0  7/11   14:56   0:00   0:00 
Mark Scheifele           0  0  0  -2  0   1  0  0  0  0  5/18   13:39   0:00   2:18 
Matt Beleskey            0  1  1   1  0   0  4  0  0  0  0/0    15:34   0:38   0:00 
Matt Hendricks           0  0  0   0  0   0  1  1  0  0  0/0    11:54   0:00   1:55 
Paul Gaustad             0  0  0   0  0   0  1  1  0  0  8/14   14:02   0:00   4:03 
Roman Polak              0  0  0   0  4   0  2  1  0  0  0/0    18:04   0:00   1:15 
Wayne Simmonds           0  0  0  -2  0   2  1  0  0  0  0/0    12:02   1:21   0:00 
Willie Mitchell          0  0  0  -1  0   0  3  1  0  0  0/0    20:12   0:00   3:31 
Yannick Weber            0  0  0   0  0   1  1  0  0  0  0/1    14:37   0:38   4:00 

3 Stars

1 - Erik Karlsson (VAN)
2 - Claude Giroux (VAN)
3 - Henrik Lundqvist (VAN)

Power Play

Canucks - 1 on 4 Attempt(s) - 25.00%
Ducks - 0 on 1 Attempt(s) - 0.00%

Penalty Kill

Canucks - 1 on 1 Attempt(s) - 100.00% - Score 0 goal in Penalty Kill
Ducks - 3 on 4 Attempt(s) - 75.00% - Score 0 goal in Penalty Kill

Team Stat

Canucks - Hits : 17 - Faceoff Wins : 36 - Blocked Shots : 8 - Penalty Minutes : 2
Ducks - Hits : 24 - Faceoff Wins : 30 - Blocked Shots : 12 - Penalty Minutes : 8

Official

Referees : Ian Walsh and Jon Mclsaac
Linesman : Pierre Champoux and Mike Cvik

Game Notes

Alex Tanguay is injured at 8:47 of 1st period (Right Hip)
Adam Henrique is injured at 16:36 of 3rd period (Strained Right Elbow)

Finance

Level 1 -- Attendance: 6500 (100.00%) -- Ticket Income $715,000
Level 2 -- Attendance: 5000 (100.00%) -- Ticket Income $375,000
Level 3 -- Attendance: 2600 (100.00%) -- Ticket Income $145,600
Level 4 -- Attendance: 2074 (100.00%) -- Ticket Income $82,960
Luxury Box -- Attendance: 1000 (100.00%) -- Ticket Income $199,000
Game was played at the Honda Center.
Total Attendance: 17174 (100.00%)
Total Ticket Income: $1,517,560
Other Income: $227,634
Total Income: $1,745,194

% Time on Ice - Canucks

Lines # - Real PCT - Wanted PCT - Time Play
Normal Forward
1 - 31% - 36% - 15:27
2 - 30% - 34% - 15:22
3 - 33% - 18% - 16:43
4 - 6% - 12% - 3:05
Normal Defense
1 - 35% - 35% - 17:45
2 - 33% - 32% - 16:44
3 - 28% - 27% - 14:22
4 - 3% - 6% - 1:46
PP Forward
1 - 52% - 57% - 3:52
2 - 48% - 43% - 3:32
PP Defense
1 - 47% - 53% - 3:27
2 - 53% - 47% - 3:57
PK Forward
1 - 82% - 55% - 1:37
2 - 18% - 45% - 0:22
PK Defense
1 - 34% - 50% - 0:40
2 - 66% - 50% - 1:19
PK3 Forward
1 - 0% - 52%
2 - 0% - 48%
PK3 Defense
1 - 0% - 51%
2 - 0% - 49%
44 Forward
1 - 0% - 55%
2 - 0% - 45%
44 Defense
1 - 0% - 52%
2 - 0% - 48%
Last Minute Offensive  - 0:00
Last Minute Defensive  - 0:00
Total
Forward - 60:00
Defense - 60:00

% Time on Ice - Ducks

Lines # - Real PCT - Wanted PCT - Time Play
Normal Forward
1 - 30% - 31% - 15:01
2 - 21% - 31% - 10:41
3 - 30% - 31% - 14:56
4 - 20% - 7% - 9:59
Normal Defense
1 - 33% - 36% - 16:41
2 - 34% - 33% - 17:05
3 - 33% - 31% - 16:51
4 - 0% - 0% - 0:00
PP Forward
1 - 68% - 58% - 1:21
2 - 32% - 42% - 0:38
PP Defense
1 - 32% - 59% - 0:38
2 - 68% - 41% - 1:21
PK Forward
1 - 69% - 58% - 5:06
2 - 31% - 42% - 2:18
PK Defense
1 - 40% - 59% - 2:57
2 - 60% - 41% - 4:27
PK3 Forward
1 - 0% - 52%
2 - 0% - 48%
PK3 Defense
1 - 0% - 59%
2 - 0% - 41%
44 Forward
1 - 0% - 56%
2 - 0% - 44%
44 Defense
1 - 0% - 52%
2 - 0% - 48%
Last Minute Offensive  - 0:00
Last Minute Defensive  - 0:00
Total
Forward - 60:00
Defense - 60:00

Play by Play

1st period


0:01 of 1st period - Ryan Johansen wins face-off versus Brandon Dubinsky in neutral zone.
0:04 of 1st period - Shot by Ryan Johansen.
0:04 of 1st period - Shot Hit the Post.
0:10 of 1st period - Shot by Logan Couture.
0:10 of 1st period - Shot Misses the Net.
0:12 of 1st period - Shot by Ryan Johansen.
0:12 of 1st period - Stopped by Kari Lehtonen with a rebound.
0:22 of 1st period - Shot by Ryan Johansen.
0:22 of 1st period - Deflect By Logan Couture.
0:22 of 1st period - Stopped by Kari Lehtonen without a rebound.
0:23 of 1st period - Mark Scheifele wins face-off versus Claude Giroux in Ducks zone.
0:54 of 1st period - Icing by Erik Karlsson.
0:55 of 1st period - Jordan Staal wins face-off versus Claude Giroux in Canucks zone.
1:01 of 1st period - Shot by Matt Beleskey.
1:01 of 1st period - Shot Blocked by Erik Karlsson.
1:15 of 1st period - Shot by Alex Tanguay.
1:15 of 1st period - Shot Misses the Net.
2:03 of 1st period - Shot by Brandon Dubinsky.
2:03 of 1st period - Shot Blocked by Brent Burns.
2:11 of 1st period - Shot by Jarome Iginla.
2:11 of 1st period - Stopped by Henrik Lundqvist with a rebound.
2:13 of 1st period - Shot by Brandon Dubinsky.
2:13 of 1st period - Shot Blocked by Brent Burns.
2:48 of 1st period - Shot by Boone Jenner.
2:48 of 1st period - Deflect By Mark Scheifele.
2:48 of 1st period - Stopped by Henrik Lundqvist with a rebound.
3:08 of 1st period - Shot by Boone Jenner.
3:08 of 1st period - Stopped by Henrik Lundqvist without a rebound.
3:09 of 1st period - Ryan Johansen wins face-off versus Paul Gaustad in Canucks zone.
3:14 of 1st period - Shot by Yannick Weber.
3:14 of 1st period - Stopped by Henrik Lundqvist without a rebound.
3:15 of 1st period - Jordan Staal wins face-off versus Ryan Johansen in Canucks zone.
3:16 of 1st period - Shot by Alex Tanguay.
3:16 of 1st period - Shot Blocked by Andrei Markov.
3:18 of 1st period - Shot by Roman Polak.
3:18 of 1st period - Shot Misses the Net.
3:47 of 1st period - Shot by Jordan Staal.
3:47 of 1st period - Shot Misses the Net.
4:08 of 1st period - Ryan Johansen is hit by Willie Mitchell and loses puck.
4:41 of 1st period - John Klingberg is hit by Erik Karlsson and loses puck.
4:56 of 1st period - Shot by Claude Giroux.
4:56 of 1st period - Shot Blocked by Willie Mitchell.
5:00 of 1st period - Shot by Ryan Strome.
5:00 of 1st period - Shot Misses the Net.
5:04 of 1st period - Shot by Ryan Strome.
5:04 of 1st period - Shot Blocked by Matt Hendricks.
5:27 of 1st period - Erik Karlsson is hit by Aaron Ekblad and loses puck.
5:53 of 1st period - Shot by Jimmy Hayes.
5:53 of 1st period - Shot Misses the Net.
6:02 of 1st period - Jimmy Hayes is hit by Aaron Ekblad and loses puck.
6:23 of 1st period - Shot by Brandon Dubinsky.
6:23 of 1st period - Shot Blocked by Andrei Markov.
6:25 of 1st period - Shot by Brandon Dubinsky.
6:25 of 1st period - Stopped by Henrik Lundqvist without a rebound.
6:26 of 1st period - Ryan Johansen wins face-off versus Jarome Iginla in Canucks zone.
6:44 of 1st period - Minor Penalty to Roman Polak for Hooking.
6:45 of 1st period - Paul Gaustad wins face-off versus Evgeny Kuznetsov in Ducks zone.
7:16 of 1st period - Shot by Erik Karlsson.
7:16 of 1st period - Stopped by Kari Lehtonen without a rebound.
7:17 of 1st period - Claude Giroux wins face-off versus Mark Scheifele in Ducks zone.
7:44 of 1st period - Icing by Alex Pietrangelo.
7:45 of 1st period - Claude Giroux wins face-off versus Mark Scheifele in Canucks zone.
7:49 of 1st period - Icing by Ryan Johansen.
7:50 of 1st period - Claude Giroux wins face-off versus Paul Gaustad in Canucks zone.
8:09 of 1st period - Shot by Andrei Markov.
8:09 of 1st period - Stopped by Kari Lehtonen with a rebound.
8:11 of 1st period - Shot by Logan Couture.
8:11 of 1st period - Goal by Logan Couture - Canucks : 1 - Ducks : 0.
8:12 of 1st period - Jordan Staal wins face-off versus Marcus Kruger in neutral zone.
8:24 of 1st period - Alex Tanguay is hit by Brent Burns and loses puck.
8:35 of 1st period - Shot by Marcus Kruger.
8:35 of 1st period - Stopped by Kari Lehtonen with a rebound.
8:46 of 1st period - Alex Tanguay is hit by Brent Burns and loses puck.
8:47 of 1st period - Alex Tanguay from Ducks is injured at 8:47 of 1st period (Right Hip).
8:48 of 1st period - Brandon Dubinsky wins face-off versus Claude Giroux in Canucks zone.
8:49 of 1st period - Shot by Jarome Iginla.
8:49 of 1st period - Deflect By Brandon Dubinsky.
8:49 of 1st period - Shot Blocked by Alex Pietrangelo.
10:10 of 1st period - Shot by Ryan Johansen.
10:10 of 1st period - Shot Misses the Net.
10:23 of 1st period - Icing by Roman Polak.
10:24 of 1st period - Marcus Kruger wins face-off versus Mark Scheifele in Ducks zone.
10:51 of 1st period - Shot by Mark Scheifele.
10:51 of 1st period - Deflect By Wayne Simmonds.
10:51 of 1st period - Stopped by Henrik Lundqvist without a rebound.
10:52 of 1st period - Logan Couture wins face-off versus Jordan Staal in Canucks zone.
10:52 of 1st period - Logan Couture is hit by Matt Beleskey.
11:31 of 1st period - Icing by Ryan Johansen.
11:32 of 1st period - Evander Kane wins face-off versus Ryan Johansen in Canucks zone.
11:37 of 1st period - Shot by Brandon Dubinsky.
11:37 of 1st period - Shot Misses the Net.
12:08 of 1st period - Icing by Evander Kane.
12:09 of 1st period - Brandon Dubinsky wins face-off versus Claude Giroux in Ducks zone.
12:26 of 1st period - Shot by Adam Henrique.
12:26 of 1st period - Stopped by Kari Lehtonen with a rebound.
12:28 of 1st period - Shot by Claude Giroux.
12:28 of 1st period - Shot Blocked by Jay Bouwmeester.
12:47 of 1st period - Icing by Alex Pietrangelo.
12:48 of 1st period - Jordan Staal wins face-off versus Claude Giroux in Canucks zone.
13:05 of 1st period - Shot by Boone Jenner.
13:05 of 1st period - Goal by Boone Jenner - Canucks : 1 - Ducks : 1.
13:06 of 1st period - Ryan Johansen wins face-off versus Paul Gaustad in neutral zone.
13:18 of 1st period - Off-side.
13:19 of 1st period - Mark Scheifele wins face-off versus Marcus Kruger in neutral zone.
13:21 of 1st period - Off-side.
13:22 of 1st period - Ryan Johansen wins face-off versus Mark Scheifele in neutral zone.
14:24 of 1st period - Shot by Jarome Iginla.
14:24 of 1st period - Stopped by Henrik Lundqvist with a rebound.
14:55 of 1st period - Shot by Ryan Strome.
14:55 of 1st period - Stopped by Kari Lehtonen without a rebound.
14:56 of 1st period - Marcus Kruger wins face-off versus Paul Gaustad in Ducks zone.
15:13 of 1st period - Erik Karlsson is hit by Matt Hendricks and loses puck.
16:21 of 1st period - Icing by Roman Polak.
16:22 of 1st period - Ryan Johansen wins face-off versus Mark Scheifele in Ducks zone.
16:25 of 1st period - Shot by Phil Kessel.
16:25 of 1st period - Stopped by Kari Lehtonen with a rebound.
16:49 of 1st period - Shot by Boone Jenner.
16:49 of 1st period - Shot Blocked by Simon Despres.
18:20 of 1st period - Andrei Markov is hit by Matt Beleskey and loses puck.
18:55 of 1st period - Jordan Staal is hit by Erik Karlsson and loses puck.
18:59 of 1st period - Icing by Erik Karlsson.
19:00 of 1st period - Marcus Kruger wins face-off versus Mark Scheifele in Canucks zone.
19:31 of 1st period - Mark Scheifele is hit by Erik Karlsson and loses puck.
19:45 of 1st period - Wayne Simmonds is hit by Erik Karlsson and loses puck.
Goals for this period are 1 for Canucks vs 1 for Ducks.
Shots for this period are 9 for Canucks vs 8 for Ducks.

2nd period


0:01 of 2nd period - Claude Giroux wins face-off versus Brandon Dubinsky in neutral zone.
0:03 of 2nd period - Ryan Johansen is hit by Evander Kane and loses puck.
1:46 of 2nd period - Minor Penalty to Brent Burns for Roughing.
1:47 of 2nd period - Brandon Dubinsky wins face-off versus Marcus Kruger in Canucks zone.
1:54 of 2nd period - Shot by Alec Martinez.
1:54 of 2nd period - Stopped by Henrik Lundqvist with a rebound.
1:56 of 2nd period - Shot by Aaron Ekblad.
1:56 of 2nd period - Stopped by Henrik Lundqvist without a rebound.
1:57 of 2nd period - Marcus Kruger wins face-off versus Brandon Dubinsky in Canucks zone.
3:21 of 2nd period - Shot by Boone Jenner.
3:21 of 2nd period - Stopped by Henrik Lundqvist without a rebound.
3:22 of 2nd period - Brandon Dubinsky wins face-off versus Marcus Kruger in Canucks zone.
3:46 of 2nd period - Icing by Alex Pietrangelo.
3:47 of 2nd period - Paul Gaustad wins face-off versus Ryan Johansen in Canucks zone.
4:07 of 2nd period - Icing by Willie Mitchell.
4:08 of 2nd period - Claude Giroux wins face-off versus Yannick Weber in Ducks zone.
5:29 of 2nd period - Icing by Simon Despres.
5:30 of 2nd period - Ryan Johansen wins face-off versus Mark Scheifele in Canucks zone.
5:45 of 2nd period - Shot by Logan Couture.
5:45 of 2nd period - Shot Misses the Net.
6:28 of 2nd period - Chris Kreider is hit by Roman Polak and loses puck.
6:34 of 2nd period - Minor Penalty to Roman Polak for Delaying the game.
6:35 of 2nd period - Paul Gaustad wins face-off versus Evgeny Kuznetsov in Ducks zone.
6:51 of 2nd period - Shot by Erik Karlsson.
6:51 of 2nd period - Shot Blocked by Aaron Ekblad.
6:53 of 2nd period - Shot by Brent Burns.
6:53 of 2nd period - Shot Misses the Net.
6:59 of 2nd period - Shot by Adam Henrique.
6:59 of 2nd period - Stopped by Kari Lehtonen without a rebound.
7:00 of 2nd period - Claude Giroux wins face-off versus Paul Gaustad in Ducks zone.
7:17 of 2nd period - Shot by Alex Pietrangelo.
7:17 of 2nd period - Shot Blocked by Paul Gaustad.
8:30 of 2nd period - Icing by Brent Burns.
8:31 of 2nd period - Paul Gaustad wins face-off versus Phil Kessel in Canucks zone.
8:58 of 2nd period - Shot by Boone Jenner.
8:58 of 2nd period - Shot Misses the Net.
10:09 of 2nd period - Shot by Brandon Dubinsky.
10:09 of 2nd period - Shot Misses the Net.
10:30 of 2nd period - Icing by Brent Burns.
10:31 of 2nd period - Claude Giroux wins face-off versus Mark Scheifele in Canucks zone.
10:31 of 2nd period - Claude Giroux is hit by Wayne Simmonds.
10:46 of 2nd period - Icing by John Klingberg.
10:47 of 2nd period - Mark Scheifele wins face-off versus Ryan Johansen in Ducks zone.
10:47 of 2nd period - Mark Scheifele is hit by Ryan Johansen.
11:11 of 2nd period - Shot by Boone Jenner.
11:11 of 2nd period - Stopped by Henrik Lundqvist without a rebound.
11:12 of 2nd period - Marcus Kruger wins face-off versus Brandon Dubinsky in Canucks zone.
11:12 of 2nd period - Marcus Kruger is hit by Brandon Dubinsky.
11:30 of 2nd period - Shot by Evander Kane.
11:30 of 2nd period - Shot Blocked by Erik Karlsson.
12:34 of 2nd period - Shot by Boone Jenner.
12:34 of 2nd period - Stopped by Henrik Lundqvist without a rebound.
12:35 of 2nd period - Paul Gaustad wins face-off versus Claude Giroux in Canucks zone.
13:14 of 2nd period - Willie Mitchell is hit by Claude Giroux and loses puck.
14:07 of 2nd period - Shot by Brandon Dubinsky.
14:07 of 2nd period - Shot Misses the Net.
14:33 of 2nd period - Shot by Boone Jenner.
14:33 of 2nd period - Stopped by Henrik Lundqvist without a rebound.
14:34 of 2nd period - Marcus Kruger wins face-off versus Jordan Staal in Canucks zone.
14:34 of 2nd period - Marcus Kruger is hit by Matt Beleskey.
14:58 of 2nd period - Roman Polak is hit by Chris Kreider and loses puck.
15:16 of 2nd period - Boone Jenner is hit by Chris Kreider and loses puck.
15:41 of 2nd period - Matt Hendricks is hit by Claude Giroux and loses puck.
15:52 of 2nd period - Shot by Ryan Johansen.
15:52 of 2nd period - Stopped by Kari Lehtonen without a rebound.
15:53 of 2nd period - Logan Couture wins face-off versus Jarome Iginla in Ducks zone.
15:53 of 2nd period - Phil Kessel is hit by Aaron Ekblad and loses puck.
16:05 of 2nd period - Icing by Aaron Ekblad.
16:06 of 2nd period - Brandon Dubinsky wins face-off versus Adam Henrique in Ducks zone.
16:20 of 2nd period - Alex Pietrangelo is hit by Aaron Ekblad.
16:38 of 2nd period - Shot by Jay Bouwmeester.
16:38 of 2nd period - Shot Misses the Net.
16:40 of 2nd period - Shot by Aaron Ekblad.
16:40 of 2nd period - Shot Misses the Net.
16:42 of 2nd period - Shot by Evander Kane.
16:42 of 2nd period - Stopped by Henrik Lundqvist without a rebound.
16:43 of 2nd period - Ryan Johansen wins face-off versus Mark Scheifele in Canucks zone.
16:43 of 2nd period - Ryan Johansen is hit by Boone Jenner.
17:04 of 2nd period - Shot by Ryan Johansen.
17:04 of 2nd period - Shot Blocked by John Klingberg.
17:06 of 2nd period - Shot by Logan Couture.
17:06 of 2nd period - Shot Blocked by John Klingberg.
17:26 of 2nd period - Shot by Ryan Johansen.
17:26 of 2nd period - Shot Misses the Net.
17:28 of 2nd period - Shot by Erik Karlsson.
17:28 of 2nd period - Goal by Erik Karlsson - Canucks : 2 - Ducks : 1.
17:29 of 2nd period - Marcus Kruger wins face-off versus Brandon Dubinsky in neutral zone.
17:45 of 2nd period - Shot by Brandon Dubinsky.
17:45 of 2nd period - Shot Misses the Net.
18:11 of 2nd period - Shot by Marcus Kruger.
18:11 of 2nd period - Shot Blocked by Aaron Ekblad.
18:13 of 2nd period - Shot by Jimmy Hayes.
18:13 of 2nd period - Shot Misses the Net.
18:39 of 2nd period - Shot by Claude Giroux.
18:39 of 2nd period - Stopped by Kari Lehtonen without a rebound.
18:40 of 2nd period - Mark Scheifele wins face-off versus Ryan Johansen in Ducks zone.
19:25 of 2nd period - Roman Polak is hit by Phil Kessel and loses puck.
19:54 of 2nd period - Claude Giroux is hit by Matt Beleskey and loses puck.
Goals for this period are 1 for Canucks vs 0 for Ducks.
Shots for this period are 4 for Canucks vs 7 for Ducks.

3rd period


0:01 of 3rd period - Jordan Staal wins face-off versus Ryan Johansen in neutral zone.
0:16 of 3rd period - Shot by John Klingberg.
0:16 of 3rd period - Stopped by Henrik Lundqvist without a rebound.
0:17 of 3rd period - Brandon Dubinsky wins face-off versus Claude Giroux in Canucks zone.
0:25 of 3rd period - Claude Giroux is hit by Aaron Ekblad and loses puck.
0:57 of 3rd period - Minor Penalty to Evander Kane for Roughing.
0:58 of 3rd period - Claude Giroux wins face-off versus Paul Gaustad in Ducks zone.
1:13 of 3rd period - Andrei Markov is hit by Yannick Weber and loses puck.
1:19 of 3rd period - Alex Pietrangelo is hit by Paul Gaustad and loses puck.
2:03 of 3rd period - Shot by Erik Karlsson.
2:03 of 3rd period - Stopped by Kari Lehtonen without a rebound.
2:04 of 3rd period - Phil Kessel wins face-off versus Mark Scheifele in Ducks zone.
2:09 of 3rd period - Shot by Adam Henrique.
2:09 of 3rd period - Shot Blocked by Aaron Ekblad.
2:11 of 3rd period - Shot by Erik Karlsson.
2:11 of 3rd period - Stopped by Kari Lehtonen without a rebound.
2:12 of 3rd period - Paul Gaustad wins face-off versus Adam Henrique in Ducks zone.
3:14 of 3rd period - Jimmy Hayes is hit by Roman Polak and loses puck.
4:06 of 3rd period - Willie Mitchell is hit by Chris Kreider.
4:10 of 3rd period - Shot by Evander Kane.
4:10 of 3rd period - Stopped by Henrik Lundqvist with a rebound.
4:13 of 3rd period - Icing by Andrei Markov.
4:14 of 3rd period - Marcus Kruger wins face-off versus Brandon Dubinsky in Canucks zone.
6:32 of 3rd period - Icing by Mark Scheifele.
6:33 of 3rd period - Marcus Kruger wins face-off versus Mark Scheifele in Ducks zone.
6:36 of 3rd period - Shot by Jimmy Hayes.
6:36 of 3rd period - Stopped by Kari Lehtonen without a rebound.
6:37 of 3rd period - Marcus Kruger wins face-off versus Jordan Staal in Ducks zone.
6:55 of 3rd period - Chris Kreider is hit by Willie Mitchell.
7:04 of 3rd period - Icing by John Klingberg.
7:05 of 3rd period - Jordan Staal wins face-off versus Claude Giroux in Ducks zone.
7:05 of 3rd period - Jordan Staal is hit by Reilly Smith.
7:20 of 3rd period - Shot by Claude Giroux.
7:20 of 3rd period - Deflect By Reilly Smith.
7:20 of 3rd period - Shot Blocked by John Klingberg.
7:40 of 3rd period - Shot by Claude Giroux.
7:40 of 3rd period - Stopped by Kari Lehtonen without a rebound.
7:41 of 3rd period - Brandon Dubinsky wins face-off versus Jimmy Hayes in Ducks zone.
10:17 of 3rd period - Icing by Alec Martinez.
10:18 of 3rd period - Paul Gaustad wins face-off versus Marcus Kruger in Ducks zone.
10:18 of 3rd period - Paul Gaustad is hit by Chris Kreider.
10:51 of 3rd period - Shot by Jimmy Hayes.
10:51 of 3rd period - Shot Misses the Net.
10:53 of 3rd period - Shot by Jimmy Hayes.
10:53 of 3rd period - Shot Misses the Net.
10:55 of 3rd period - Shot by Jimmy Hayes.
10:55 of 3rd period - Stopped by Kari Lehtonen without a rebound.
10:56 of 3rd period - Claude Giroux wins face-off versus Mark Scheifele in Ducks zone.
11:11 of 3rd period - Shot by Claude Giroux.
11:11 of 3rd period - Goal by Claude Giroux - Canucks : 3 - Ducks : 1.
11:12 of 3rd period - Jordan Staal wins face-off versus Ryan Johansen in neutral zone.
11:23 of 3rd period - Shot by Aaron Ekblad.
11:23 of 3rd period - Shot Misses the Net.
11:30 of 3rd period - Ryan Johansen is hit by Jordan Staal and loses puck.
11:34 of 3rd period - Minor Penalty to Aaron Ekblad for Goalie Interference.
11:35 of 3rd period - Mark Scheifele wins face-off versus Evgeny Kuznetsov in Ducks zone.
12:56 of 3rd period - Shot by Claude Giroux.
12:56 of 3rd period - Shot Misses the Net.
13:46 of 3rd period - Shot by Jimmy Hayes.
13:46 of 3rd period - Shot Misses the Net.
14:02 of 3rd period - Shot by Jimmy Hayes.
14:02 of 3rd period - Stopped by Kari Lehtonen without a rebound.
14:03 of 3rd period - Claude Giroux wins face-off versus Brandon Dubinsky in Ducks zone.
14:35 of 3rd period - Shot by Claude Giroux.
14:35 of 3rd period - Shot Misses the Net.
15:45 of 3rd period - Shot by Brent Burns.
15:45 of 3rd period - Stopped by Kari Lehtonen with a rebound.
16:03 of 3rd period - John Klingberg is hit by Ryan Johansen and loses puck.
16:35 of 3rd period - Adam Henrique is hit by Willie Mitchell and loses puck.
16:36 of 3rd period - Adam Henrique from Canucks is injured at 16:36 of 3rd period (Strained Right Elbow).
16:37 of 3rd period - Marcus Kruger wins face-off versus Brandon Dubinsky in Ducks zone.
16:51 of 3rd period - Icing by Jonas Brodin.
16:52 of 3rd period - Marcus Kruger wins face-off versus Brandon Dubinsky in Canucks zone.
16:59 of 3rd period - Evander Kane is hit by Jimmy Hayes and loses puck.
17:20 of 3rd period - Shot by Brandon Dubinsky.
17:20 of 3rd period - Stopped by Henrik Lundqvist without a rebound.
17:21 of 3rd period - Claude Giroux wins face-off versus Mark Scheifele in Canucks zone.
17:29 of 3rd period - Andrei Markov is hit by Aaron Ekblad and loses puck.
17:43 of 3rd period - Shot by Wayne Simmonds.
17:43 of 3rd period - Stopped by Henrik Lundqvist without a rebound.
17:44 of 3rd period - Ryan Johansen wins face-off versus Jordan Staal in Canucks zone.
17:49 of 3rd period - Shot by Ryan Johansen.
17:49 of 3rd period - Shot Misses the Net.
18:14 of 3rd period - Shot by Ryan Johansen.
18:14 of 3rd period - Deflect By Logan Couture.
18:14 of 3rd period - Shot Blocked by Roman Polak.
18:24 of 3rd period - Shot by Ryan Johansen.
18:24 of 3rd period - Deflect By Logan Couture.
18:24 of 3rd period - Shot Misses the Net.
18:26 of 3rd period - Shot by Phil Kessel.
18:26 of 3rd period - Shot Misses the Net.
18:52 of 3rd period - Shot by Claude Giroux.
18:52 of 3rd period - Shot Blocked by Alec Martinez.
18:56 of 3rd period - Shot by Claude Giroux.
18:56 of 3rd period - Deflect By Chris Kreider.
18:56 of 3rd period - Stopped by Kari Lehtonen without a rebound.
18:57 of 3rd period - Brandon Dubinsky wins face-off versus Marcus Kruger in Ducks zone.
19:04 of 3rd period - Shot by Brandon Dubinsky.
19:04 of 3rd period - Stopped by Henrik Lundqvist without a rebound.
19:05 of 3rd period - Jarome Iginla wins face-off versus Claude Giroux in Canucks zone.
19:10 of 3rd period - Shot by Brandon Dubinsky.
19:10 of 3rd period - Stopped by Henrik Lundqvist without a rebound.
19:11 of 3rd period - Claude Giroux wins face-off versus Brandon Dubinsky in Canucks zone.
19:11 of 3rd period - Claude Giroux is hit by Evander Kane.
19:28 of 3rd period - Shot by Claude Giroux.
19:28 of 3rd period - Stopped by Kari Lehtonen without a rebound.
19:29 of 3rd period - Paul Gaustad wins face-off versus Marcus Kruger in Ducks zone.
Goals for this period are 1 for Canucks vs 0 for Ducks.
Shots for this period are 10 for Canucks vs 6 for Ducks.